 Dungeon Crawl Stone Soup version 0.18.1-48-g4cf74bf (webtiles) character file.

23730 tyranidshit the Warrior (level 12, -2/125 HPs)
             Began as a Minotaur Berserker on July 17, 2016.
             Was a High Priest of Trog.
             Slain by a black mamba (5 damage)
             ... on level 5 of the Lair of Beasts.
             The game lasted 00:49:49 (9255 turns).

tyranidshit the Warrior (Minotaur Berserker)        Turns: 9255, Time: 00:49:50

Health: -2/125     AC: 19    Str: 25    XL:     12   Next: 74%
Magic:  11/11      EV:  2    Int:  4    God:    Trog [*****.]
Gold:   847        SH:  0    Dex: 12    Spells: 0 memorised, 11 levels left

rFire  . . .     SeeInvis +     s - +7 war axe
rCold  . . .     Gourm    .     a - +0 plate armour
rNeg   + + +     Faith    .     p - +0 shield
rPois  ∞         Spirit   .     (helmet restricted)
rElec  .         Dismiss  .     o - +1 cloak {rPois}
rCorr  .         Reflect  .     C - +0 pair of gloves
SustAt .         Harm     .     (no boots)
MR     .....                    (no amulet)
Stlth  ..........               (no ring)
                                h - ring of see invisible

@: lethally poisoned (-2 -> -2), petrified, not resistant to hostile
enchantments, extremely unstealthy
A: retaliatory headbutt, horns 2
a: Berserk, Trog's Hand, Brothers in Arms, Burn Spellbooks, Renounce Religion


You were on level 5 of the Lair of Beasts.
You worshipped Trog.
Trog was extremely pleased with you.
You were not hungry.

You visited 2 branches of the dungeon, and saw 15 of its levels.
You also visited: Bailey.

You collected 847 gold pieces.

Inventory:

Hand Weapons
 s - a +7 war axe (weapon)
Armour
 a - a +0 plate armour (worn)
 o - a +1 cloak of poison resistance (worn)
 p - a +0 shield (worn)
 C - a +0 pair of gloves (worn)
Jewellery
 h - a ring of see invisible (left hand)
 r - an uncursed ring of magical power
 F - an uncursed amulet of rage
Wands
 f - a wand of confusion (32/48)
 j - a wand of flame (24/48)
 m - a wand of paralysis (1/24)
 t - a wand of disintegration (15/24)
 u - a wand of teleportation (5/9)
 x - a wand of flame (25/48)
 E - a wand of digging (8/24)
Scrolls
 b - 4 scrolls of magic mapping
 i - 7 scrolls of identify
 l - 2 scrolls of remove curse
 q - 4 scrolls of recharging
Potions
 e - a potion of mutation
 v - a potion of agility
 A - a potion of ambrosia
 B - 4 potions of flight
 D - a potion of invisibility
 G - a potion of curing
Comestibles
 c - 3 bread rations
 d - 7 meat rations
 g - 6 beef jerkies
 k - 15 fruits
 n - 7 slices of pizza
 w - a royal jelly


   Skills:
 + Level 17.2 Fighting
 - Level 3.6 Axes
 - Level 11.0 Armour
 - Level 10.3 Dodging
 - Level 10.2 Shields


You had 11 spell levels left.
You didn't know any spells.

Dungeon Overview and Level Annotations

Branches:
Dungeon (10/15)            Temple (0/1) D:7            Lair (5/8) D:9
  Swamp (0/4) Lair:4        Snake (0/4) Lair:3
    Orc: D:9-12

Altars:
Ashenzari
Cheibriados
Elyvilon
Fedhas
Kikubaaqudgha
Trog
Xom
Yredelemnul
Zin

Annotations:
D:5 1 runed door
D:10 Sonja


Innate Abilities, Weirdness & Mutations

You reflexively headbutt those who attack you in melee.
You have a pair of horns on your head.


Message History

The black mamba bites you.
* * * LOW HITPOINT WARNING * * *
The basilisk bites you.
* * * LOW HITPOINT WARNING * * *
The black mamba bites you. The basilisk gazes at you.
You resist with some effort.
You have turned to stone.
The black mamba bites you!
* * * LOW HITPOINT WARNING * * *
The black mamba bites you but does no damage.
The basilisk bites you!
* * * LOW HITPOINT WARNING * * *
The black mamba bites you.
* * * LOW HITPOINT WARNING * * *
The black mamba bites you.
* * * LOW HITPOINT WARNING * * *
The basilisk gazes at you. You resist with some effort.
The black mamba bites you!
You die...

...#.P.#.......
....###.#...P##.........
...###..P......P..........#
....# ......##P...........#
....# #P...# #............
...######...###............
......##....#.P............
..........................#
................@l.........
.................S.........
...###..###P..#.♣P≈≈P.♣....
#### ##.# ##...#≈≈≈≈≈≈≈# #
.## ####≈P♣≈≈≈♣♣# ##
#≈#♣P≈P♣ ####≈♣≈# #####


You could see a black mamba and a basilisk.

Vanquished Creatures
  Snorg (D:10)
  2 hydras
  Urug (Lair:1)
  A lindwurm (Lair:5)
  Pikel (D:8)
  Maurice (D:10)
  8 elephants (Lair:4)
  4 spiny frogs
  3 black mambas (Lair:4)
  5 komodo dragons
  A two-headed ogre (D:8)
  A polar bear (Lair:3)
  10 blink frogs
  A spriggan (Lair:3)
  A wyvern (D:9)
  15 yaks
  A human (D:7)
  A hog (D:7)
  7 hippogriffs
  3 nagas (Lair:3)
  4 water moccasins
  3 porcupines
  4 orc warriors
  3 ice beasts
  2 sky beasts
  2 black bears
  A slave (D:9)
  3 phantoms
  4 ogres
  11 wolves
  9 crocodiles
  5 centaurs
  2 big kobolds
  5 giant frogs
  A water moccasin skeleton (D:9)
  2 scorpions
  The ghost of urioxis the Skirmisher, a weakling MiBe of Trog (D:3)
  6 wights (D:9)
  An electric eel (Lair:5)
  6 crimson imps
  A quasit (D:8)
  A giant frog zombie (D:7)
  4 hounds
  3 jellies
  An orc priest (D:6)
  Crazy Yiuf (D:5)
  2 giant frog skeletons (D:8)
  8 orc wizards
  12 iguanas
  Ijyb (D:2)
  5 worker ants
  8 sheep
  2 hound skeletons
  Robin (D:3)
  2 howler monkey zombies
  2 worker ant zombies
  5 gnolls
  37 river rats
  12 adders
  2 adder skeletons
  A worm (D:2)
  4 dart slugs
  6 giant geckos
  33 orcs
  14 bats
  5 giant cockroaches
  15 goblins
  10 hobgoblins
  7 jackals
  3 quokkas
  3 ball pythons
  5 giant newts
  A jackal skeleton (D:6)
  7 kobolds
  14 rats
  A spectral orc (D:7)
  A fungus (D:9)
383 creatures vanquished.

Notes
Turn   | Place    | Note
--------------------------------------------------------------
     0 | D:1      | tyranidshit the Minotaur Berserker began the quest for the Orb.
     0 | D:1      | Reached XP level 1. HP: 19/19 MP: 0/0
    97 | D:1      | Reached skill level 4 in Fighting
   164 | D:1      | Reached XP level 2. HP: 22/27 MP: 1/1
   476 | D:1      | Reached ** piety under Trog
   705 | D:1      | Reached skill level 5 in Fighting
   744 | D:2      | Reached XP level 3. HP: 32/36 MP: 2/2
  1021 | D:2      | Noticed Ijyb
  1026 | D:2      | Killed Ijyb
  1026 | D:2      | Reached skill level 6 in Fighting
  1026 | D:2      | Reached XP level 4. HP: 44/44 MP: 3/3
  1434 | D:3      | Noticed urioxis's ghost (weakling MiBe)
  1443 | D:3      | Killed urioxis's ghost
  1443 | D:3      | Reached skill level 7 in Fighting
  1443 | D:3      | Reached XP level 5. HP: 52/52 MP: 4/4
  1540 | D:3      | Noticed Robin
  1543 | D:3      | Reached *** piety under Trog
  1567 | D:3      | Killed Robin
  2264 | D:4      | Reached skill level 8 in Fighting
  2478 | D:4      | Reached XP level 6. HP: 52/61 MP: 5/5
  2517 | D:4      | Reached skill level 9 in Fighting
  2575 | D:4      | Got a twisted leather armour
  2586 | D:4      | Identified the +3 leather armour of Ennui {SInv} (You found it on level 4 of the Dungeon)
  2788 | D:5      | Entered Level 5 of the Dungeon
  2795 | D:5      | Found a runed door.
  2795 | D:5      | Found a glowing silver altar of Zin.
  2795 | D:5      | Noticed an angel
  2847 | D:5      | Reached XP level 7. HP: 52/71 MP: 6/6
  2881 | D:5      | Reached skill level 10 in Fighting
  3177 | D:5      | Reached **** piety under Trog
  3211 | D:5      | Reached skill level 11 in Fighting
  3216 | D:5      | Reached XP level 8. HP: 77/82 MP: 7/7
  3352 | D:5      | Noticed Crazy Yiuf
  3360 | D:5      | Killed Crazy Yiuf
  3465 | D:5      | Reached skill level 12 in Fighting
  3898 | D:6      | Reached skill level 5 in Armour
  3921 | D:6      | Reached skill level 5 in Dodging
  3990 | D:6      | Found a snail-covered altar of Cheibriados.
  4089 | D:7      | Found a bloodstained altar of Trog.
  4176 | D:7      | Found a staircase to the Ecumenical Temple.
  4186 | D:7      | Reached ***** piety under Trog
  4189 | D:7      | Reached XP level 9. HP: 67/90 MP: 8/8
  4354 | D:7      | Found a shimmering altar of Xom.
  4356 | D:7      | Found a shimmering altar of Xom.
  4393 | D:7      | Found a blossoming altar of Fedhas.
  4402 | D:7      | Found a bloodstained altar of Trog.
  4714 | D:7      | Found a basalt altar of Yredelemnul.
  4966 | D:8      | Found a white marble altar of Elyvilon.
  5070 | D:8      | Found a shattered altar of Ashenzari.
  5081 | D:8      | Noticed Pikel
  5151 | D:9      | Found a flagged portal.
  5168 | D:9      | Reached XP level 10. HP: 88/97 MP: 9/9
  5178 | Bailey   | Entered a bailey
  5178 | Bailey   | Noticed an orc knight
  5178 | Bailey   | Noticed an orc knight
  5178 | Bailey   | Noticed Aquadorian's ghost (novice DsMo)
  5299 | D:8      | Killed Pikel
  5672 | D:8      | Gained mutation: Your movements are slightly less encumbered by armour (ER -2). [potion of beneficial mutation]
  5683 | D:8      | Lost mutation: Your movements are slightly less encumbered by armour (ER -2). [potion of cure mutation]
  5747 | D:9      | Reached skill level 1 in Shields
  5755 | D:9      | Received a gift from Trog
  5883 | D:9      | Reached skill level 5 in Shields
  5968 | D:9      | Found an ancient bone altar of Kikubaaqudgha.
  6117 | D:10     | Entered Level 10 of the Dungeon
  6144 | D:10     | Noticed Maurice
  6179 | D:10     | Killed Maurice
  6215 | D:10     | Noticed Snorg
  6222 | D:10     | Killed Snorg
  6274 | D:10     | Noticed Sonja
  6359 | D:9      | Found a staircase to the Lair.
  6370 | Lair:1   | Entered Level 1 of the Lair of Beasts
  6434 | Lair:1   | Noticed Urug
  6449 | Lair:1   | Killed Urug
  6449 | Lair:1   | Reached skill level 10 in Armour
  6449 | Lair:1   | Reached XP level 11. HP: 80/104 MP: 10/10
  6796 | Lair:2   | Noticed a seven-headed hydra
  6809 | Lair:2   | Killed a 14-headed hydra
  7090 | Lair:2   | Reached ****** piety under Trog
  7179 | Lair:2   | Reached skill level 10 in Dodging
  7210 | Lair:2   | Received a gift from Trog
  7428 | Lair:3   | Found a staircase to the Snake Pit.
  7455 | Lair:3   | Reached skill level 10 in Shields
  7699 | Lair:3   | Reached skill level 13 in Fighting
  7816 | Lair:3   | Noticed a seven-headed hydra
  8093 | Lair:3   | Killed an 11-headed hydra
  8093 | Lair:3   | Reached skill level 14 in Fighting
  8098 | Lair:3   | Reached XP level 12. HP: 110/117 MP: 11/11
  8284 | Lair:4   | Found a staircase to the Swamp.
  8322 | Lair:4   | Reached skill level 15 in Fighting
  8599 | Lair:4   | HP: 6/122 [elephant (4)]
  8656 | Lair:4   | Reached skill level 16 in Fighting
  8790 | Lair:4   | Received a gift from Trog
  9168 | Lair:5   | Reached skill level 17 in Fighting
  9253 | Lair:5   | HP: 5/125 [basilisk (3)]
  9255 | Lair:5   | Slain by a black mamba

Skill      XL: |  1  2  3  4  5  6  7  8  9 10 11 12 |
---------------+-------------------------------------+-----
Fighting       | 4 5 6 7 8 9 11 12 14 17 | 17.2
Armour         | 5 9 10 11 | 11.0
Dodging        | 5 8 9 10 | 10.3
Shields        | 9 10 | 10.2
Axes           | |  3.6

Action                   |  1- 3 |  4- 6 |  7- 9 | 10-12 || total
-------------------------+-------+-------+-------+-------++-------
Melee: Hand axe          |    69 |   113 |   106 |       ||   288
       Headbutt          |     9 |    17 |    51 |   124 ||   201
       War axe           |       |       |   142 |   523 ||   665
Invok: Berserk           |       |     2 |     5 |    13 ||    20
       Trog's Hand       |       |       |     2 |     9 ||    11
       Burn Spellbooks   |       |       |     1 |     3 ||     4
Evoke: Wand              |       |       |       |     1 ||     1
  Use: Scroll            |     6 |     4 |     4 |    16 ||    30
       Potion            |     3 |     2 |     2 |     8 ||    15
 Stab: Sleeping          |     1 |       |       |       ||     1
  Eat: Bread ration      |       |     2 |     3 |     7 ||    12
       Pizza             |       |     1 |       |       ||     1
Armor: Animal skin       |     5 |       |       |       ||     5
       Scale mail        |    14 |    25 |       |       ||    39
       Ring mail         |       |    26 |   142 |     9 ||   177
       Plate armour      |       |       |       |   407 ||   407
Dodge: Dodged            |    50 |    81 |   213 |   401 ||   745
Block: Buckler           |       |       |       |   184 ||   184
       Shield            |       |       |       |    18 ||    18
